General information
- name: BNet
- type: Ladder team game (AT/RT)
- host: Battle.net
- saver: TURTLEKING
map: Cherryville
- players: 8
- length: 44:05
- speed: Fast
- version: 1.28 W3XP
- replay type: Public
» download(250 KB)
Players
team 1 (winner)

»
RobRoy (
red | 53 APM | 2087 actions | 39:37)
7 Keeper of the Grove
3 Entangling Roots
3 Thorns Aura
1 Tranquility
» actions
| Assign group hotkey | 22 | |
| Basic commands | 89 | |
| Build / train | 67 | |
| ESC pressed | 2 | |
| Enter build submenu | 26 | |
| Enter hero's abilities submenu | 7 | |
| Give item / drop item | 4 | |
| Right click | 980 | |
| Select / deselect | 536 | |
| Select group hotkey | 194 | |
| Use ability | 158 | |
2087 total
» units
| Wisp | 23 | |
| Archer | 3 | |
| Druid of the Claw | 12 | |
38 total
» upgrades
| Druid of the Claw Training | 2 | |
| Strength of the Wild | 3 | |
| Mark of the Claw | 1 | |
| Reinforced Hides | 3 | |
| Nature's Blessing | 1 | |
| Ultravision | 1 | |
| Well Spring | 1 | |
12 total
» buildings
| Altar of Elders | 3 | |
| Moon Well | 9 | |
| Ancient of War | 1 | |
| Ancient of Wonders | 1 | |
| Tree of Ages | 1 | |
| Hunter's Hall | 1 | |
| Tree of Life | 3 | |
| Tree of Eternity | 1 | |
| Ancient of Lore | 3 | |
| Ancient Protector | 2 | |
25 total
» build order
00:14 Altar of Elders
00:21 Moon Well
00:51 Ancient of War
01:59 Moon Well
02:03 Ancient of Wonders
03:35 Tree of Ages
03:37 Moon Well
04:19 Hunter's Hall
06:11 Tree of Life
07:09 Tree of Eternity
07:12 Ancient of Lore
07:23 Ancient Protector
07:28 Ancient Protector
08:32 Ancient of Lore
10:27 Ancient of Lore
12:33 Moon Well
12:37 Moon Well
13:06 Moon Well
26:18 Tree of Life
29:15 Altar of Elders
29:33 Tree of Life
30:28 Moon Well
30:34 Moon Well
34:01 Moon Well
35:39 Altar of Elders
» items
| Scroll of Town Portal | 1 | |
| Staff of Preservation | 1 | |
| Orb of Venom | 1 | |
| Tome of Retraining | 1 | |
| Potion of Lesser Invulnerability | 1 | |
| Boots of Speed | 1 | |
| Scroll of Healing | 1 | |
7 total
TURTLEKING (
orange | 59 APM | 2604 actions | 44:05)
» actions
| Assign group hotkey | 9 | |
| Basic commands | 309 | |
| Build / train | 102 | |
| Enter build submenu | 67 | |
| Right click | 664 | |
| Select / deselect | 512 | |
| Select group hotkey | 828 | |
| Use ability | 113 | |
2604 total
» units
| Peasant | 15 | |
| Goblin Shredder | 2 | |
| Goblin Zeppelin | 1 | |
| Flying Machine | 21 | |
| Goblin Sapper | 2 | |
41 total
» upgrades
| Masonry | 3 | |
| Lumber Harvesting | 2 | |
| Gunpowder | 3 | |
| Plating | 3 | |
| Flak Cannons | 1 | |
| Flying Machine Bombs | 1 | |
13 total
» buildings
| Lumber Mill | 3 | |
| Scout Tower | 80 | |
| Arcane Tower | 2 | |
| Guard Tower | 44 | |
| Farm | 5 | |
| Keep | 1 | |
| Town Hall | 3 | |
| Altar of Kings | 1 | |
| Castle | 1 | |
| Blacksmith | 2 | |
| Workshop | 4 | |
146 total
» build order
00:24 Lumber Mill
00:29 Scout Tower
00:40 Scout Tower
00:43 Scout Tower
00:45 Scout Tower
00:50 Scout Tower
00:57 Arcane Tower
01:34 Guard Tower
01:47 Guard Tower
01:54 Guard Tower
02:01 Farm
02:06 Farm
02:18 Guard Tower
02:38 Scout Tower
02:41 Scout Tower
02:44 Scout Tower
02:49 Scout Tower
03:20 Guard Tower
03:28 Guard Tower
03:45 Guard Tower
04:04 Guard Tower
04:45 Keep
04:56 Farm
06:25 Town Hall
06:33 Scout Tower
06:34 Scout Tower
06:35 Scout Tower
06:36 Scout Tower
06:40 Scout Tower
06:41 Scout Tower
06:42 Scout Tower
06:43 Scout Tower
06:44 Scout Tower
07:02 Guard Tower
07:02 Guard Tower
07:03 Guard Tower
07:09 Arcane Tower
07:11 Guard Tower
07:11 Guard Tower
07:11 Guard Tower
07:13 Guard Tower
07:15 Guard Tower
08:34 Farm
08:37 Farm
08:48 Altar of Kings
09:05 Scout Tower
09:13 Scout Tower
09:14 Scout Tower
09:23 Scout Tower
09:27 Lumber Mill
09:37 Scout Tower
09:38 Scout Tower
09:39 Scout Tower
09:39 Scout Tower
09:50 Lumber Mill
09:57 Scout Tower
09:58 Scout Tower
09:58 Scout Tower
09:59 Scout Tower
09:59 Scout Tower
10:00 Scout Tower
10:00 Scout Tower
10:01 Scout Tower
10:01 Scout Tower
10:02 Scout Tower
10:02 Scout Tower
10:03 Scout Tower
10:03 Scout Tower
10:04 Scout Tower
10:05 Scout Tower
10:05 Scout Tower
10:07 Scout Tower
10:07 Scout Tower
10:09 Scout Tower
10:25 Castle
10:29 Guard Tower
10:31 Guard Tower
10:45 Guard Tower
11:07 Blacksmith
11:09 Blacksmith
11:47 Workshop
11:51 Workshop
11:53 Workshop
11:58 Workshop
12:04 Guard Tower
14:39 Guard Tower
15:02 Scout Tower
15:03 Scout Tower
15:03 Scout Tower
15:04 Scout Tower
15:05 Scout Tower
15:05 Scout Tower
15:06 Scout Tower
15:06 Scout Tower
15:07 Scout Tower
15:08 Scout Tower
15:08 Scout Tower
15:26 Scout Tower
15:27 Scout Tower
15:40 Guard Tower
15:52 Guard Tower
16:21 Guard Tower
16:24 Guard Tower
16:26 Guard Tower
16:32 Guard Tower
16:35 Guard Tower
16:35 Guard Tower
16:36 Guard Tower
16:45 Guard Tower
16:48 Guard Tower
16:53 Guard Tower
22:13 Town Hall
22:16 Scout Tower
22:16 Scout Tower
22:16 Scout Tower
22:17 Scout Tower
22:17 Scout Tower
22:18 Scout Tower
22:18 Scout Tower
22:18 Scout Tower
22:19 Scout Tower
22:19 Scout Tower
22:20 Scout Tower
22:21 Scout Tower
23:14 Guard Tower
24:11 Guard Tower
25:12 Town Hall
25:14 Scout Tower
25:16 Scout Tower
25:26 Scout Tower
25:29 Scout Tower
25:44 Scout Tower
25:44 Scout Tower
25:45 Scout Tower
25:45 Scout Tower
25:48 Guard Tower
26:19 Guard Tower
26:45 Guard Tower
26:48 Guard Tower
27:31 Guard Tower
28:17 Guard Tower
28:21 Guard Tower
BOBHITRIGHTUBTT (
pink | 53 APM | 2344 actions | 44:03)
6 Blademaster
2 Wind Walk
3 Critical Strike
1 Bladestorm
1 Naga Sea Witch
1 Frost Arrows
» actions
| Assign group hotkey | 33 | |
| Basic commands | 207 | |
| Build / train | 79 | |
| Enter build submenu | 35 | |
| Enter hero's abilities submenu | 7 | |
| Give item / drop item | 5 | |
| Remove unit from queue | 2 | |
| Right click | 856 | |
| Select / deselect | 313 | |
| Select group hotkey | 639 | |
| Use ability | 168 | |
2344 total
» units
| Peon | 11 | |
| Goblin Shredder | 3 | |
| Troll Batrider | 15 | |
| Wind Rider | 5 | |
| Goblin Sapper | 7 | |
| Raider | 1 | |
42 total
» upgrades
| Ranged Weapons | 3 | |
| Armor | 2 | |
| Reinforced Defenses | 1 | |
| Liquid Fire | 1 | |
| Envenomed Spears | 1 | |
8 total
» buildings
| Altar of Storms | 1 | |
| Orc Burrow | 7 | |
| War Mill | 1 | |
| Voodoo Lounge | 2 | |
| Watch Tower | 31 | |
| Stronghold | 2 | |
| Fortress | 4 | |
| Beastiary | 5 | |
| Great Hall | 1 | |
54 total
» build order
00:15 Altar of Storms
00:22 Orc Burrow
00:40 War Mill
01:24 Voodoo Lounge
01:58 Watch Tower
02:10 Watch Tower
02:42 Watch Tower
03:37 Stronghold
03:37 Stronghold
03:42 Watch Tower
03:58 Orc Burrow
03:59 Orc Burrow
04:00 Orc Burrow
05:10 Watch Tower
05:11 Watch Tower
05:17 Watch Tower
05:17 Watch Tower
06:34 Fortress
06:34 Fortress
07:40 Watch Tower
08:09 Watch Tower
08:11 Beastiary
08:30 Beastiary
09:49 Watch Tower
09:49 Watch Tower
09:50 Watch Tower
09:52 Watch Tower
10:38 Watch Tower
10:39 Watch Tower
10:39 Watch Tower
10:41 Watch Tower
10:57 Watch Tower
12:05 Watch Tower
12:06 Watch Tower
12:07 Watch Tower
12:52 Watch Tower
13:48 Beastiary
15:23 Orc Burrow
15:25 Orc Burrow
15:28 Watch Tower
15:32 Watch Tower
18:28 Voodoo Lounge
18:51 Beastiary
19:33 Orc Burrow
21:18 Great Hall
21:21 Watch Tower
21:21 Watch Tower
22:17 Beastiary
22:34 Watch Tower
22:34 Watch Tower
» items
| Healing Salve | 2 | |
| Lesser Clarity Potion | 1 | |
| Orb of Lightning | 1 | |
| Tiny Great Hall | 1 | |
| Staff of Teleportation | 2 | |
| Potion of Lesser Invulnerability | 1 | |
| Boots of Speed | 1 | |
9 total

»
llllIIII (
teal | 70 APM | 3084 actions | 44:03)
7 Warden
3 Shadow Strike
3 Blink
1 Spirit of Vengeance
6 Keeper of the Grove
3 Entangling Roots
2 Thorns Aura
1 Tranquility
» actions
| Assign group hotkey | 29 | |
| Basic commands | 100 | |
| Build / train | 90 | |
| ESC pressed | 5 | |
| Enter build submenu | 24 | |
| Enter hero's abilities submenu | 13 | |
| Give item / drop item | 3 | |
| Right click | 1201 | |
| Select / deselect | 493 | |
| Select group hotkey | 1004 | |
| Use ability | 122 | |
3084 total
» units
| Wisp | 28 | |
| Druid of the Talon | 10 | |
| Dryad | 9 | |
| Chimaera | 1 | |
48 total
» upgrades
| Reinforced Hides | 3 | |
| Abolish Magic | 1 | |
| Strength of the Wild | 3 | |
| Ultravision | 1 | |
| Hardened Skin | 1 | |
| Resistant Skin | 1 | |
| Well Spring | 1 | |
| Moon Armor | 1 | |
| Corrosive Breath | 1 | |
13 total
» buildings
| Altar of Elders | 1 | |
| Moon Well | 9 | |
| Tree of Ages | 2 | |
| Hunter's Hall | 1 | |
| Ancient of Wonders | 1 | |
| Ancient of Wind | 1 | |
| Ancient of Lore | 2 | |
| Tree of Life | 2 | |
| Tree of Eternity | 1 | |
| Chimaera Roost | 5 | |
25 total
» build order
00:14 Altar of Elders
00:25 Moon Well
01:44 Moon Well
01:54 Moon Well
02:30 Tree of Ages
02:54 Hunter's Hall
03:20 Ancient of Wonders
04:09 Moon Well
05:00 Ancient of Wind
05:04 Ancient of Lore
07:02 Moon Well
07:03 Moon Well
09:12 Tree of Life
12:01 Tree of Eternity
13:08 Ancient of Lore
16:00 Moon Well
16:01 Moon Well
16:06 Moon Well
21:26 Chimaera Roost
21:28 Chimaera Roost
21:29 Chimaera Roost
21:29 Chimaera Roost
21:30 Chimaera Roost
21:39 Tree of Life
» items
| Scroll of Healing | 3 | |
| Boots of Speed | 1 | |
| Scroll of Protection | 1 | |
| Orb of Lightning | 1 | |
| Scroll of Speed | 1 | |
| Staff of Teleportation | 1 | |
| Potion of Lesser Invulnerability | 1 | |
9 total
team 2 (loser)

»
pinkworm (
green | 48 APM | 895 actions | 18:49)
4 Dreadlord
2 Sleep
2 Vampiric Aura
» actions
| Build / train | 53 | |
| Enter build submenu | 13 | |
| Enter hero's abilities submenu | 4 | |
| Give item / drop item | 3 | |
| Remove unit from queue | 2 | |
| Right click | 586 | |
| Select / deselect | 204 | |
| Use ability | 30 | |
895 total
» units
| Acolyte | 3 | |
| Ghoul | 17 | |
| Obsidian Statue | 2 | |
| Abomination | 5 | |
27 total
» upgrades
| Unholy Strength | 3 | |
| Unholy Armor | 4 | |
| Disease Cloud | 1 | |
| Ghoul Frenzy | 1 | |
9 total
» buildings
| Ziggurat | 8 | |
| Crypt | 1 | |
| Altar of Darkness | 1 | |
| Graveyard | 1 | |
| Nerubian Tower | 1 | |
| Tomb of Relics | 1 | |
| Spirit Tower | 3 | |
| Halls of the Dead | 1 | |
| Black Citadel | 1 | |
| Slaughterhouse | 2 | |
20 total
» build order
00:09 Ziggurat
00:53 Crypt
00:56 Ziggurat
01:02 Altar of Darkness
01:22 Graveyard
01:33 Nerubian Tower
01:42 Tomb of Relics
02:26 Ziggurat
03:54 Spirit Tower
04:49 Halls of the Dead
04:55 Ziggurat
07:22 Black Citadel
07:26 Slaughterhouse
07:28 Slaughterhouse
08:03 Spirit Tower
08:49 Ziggurat
11:56 Ziggurat
11:57 Ziggurat
12:32 Ziggurat
17:49 Spirit Tower
» items
| Rod of Necromancy | 1 | |
| Dust of Appearance | 1 | |
| Orb of Corruption | 1 | |
| Scroll of Town Portal | 1 | |
4 total
goodvendetta (
purple | 12 APM | 231 actions | 19:26)
2 Lich
1 Frost Nova
1 Frost Armor
» actions
| Build / train | 42 | |
| Enter build submenu | 21 | |
| Enter hero's abilities submenu | 2 | |
| Right click | 49 | |
| Select / deselect | 100 | |
| Use ability | 17 | |
231 total
» units
| Acolyte | 3 | |
| Ghoul | 6 | |
| Frost Wyrm | 6 | |
| Gargoyle | 7 | |
22 total
» upgrades
| Creature Attack | 3 | |
| Creature Carapace | 3 | |
| Freezing Breath | 1 | |
7 total
» buildings
| Crypt | 1 | |
| Ziggurat | 10 | |
| Graveyard | 1 | |
| Altar of Darkness | 1 | |
| Halls of the Dead | 1 | |
| Sacrificial Pit | 1 | |
| Black Citadel | 1 | |
| Spirit Tower | 6 | |
| Nerubian Tower | 2 | |
| Boneyard | 1 | |
25 total
» build order
00:21 Crypt
00:31 Ziggurat
00:49 Ziggurat
01:24 Graveyard
02:16 Altar of Darkness
02:23 Ziggurat
03:01 Halls of the Dead
03:55 Ziggurat
05:59 Sacrificial Pit
06:51 Black Citadel
07:29 Spirit Tower
07:32 Spirit Tower
07:36 Spirit Tower
07:38 Nerubian Tower
07:58 Ziggurat
08:07 Ziggurat
08:12 Ziggurat
08:18 Ziggurat
09:02 Spirit Tower
09:06 Nerubian Tower
09:09 Spirit Tower
09:13 Spirit Tower
09:44 Boneyard
16:11 Ziggurat
16:19 Ziggurat
slowmoschlomo (
blue | 51 APM | 2233 actions | 44:03)
7 Archmage
2 Summon Water Elemental
3 Brilliance Aura
2 Blizzard
5 Blood Mage
3 Flame Strike
2 Banish
» actions
| Assign group hotkey | 58 | |
| Basic commands | 38 | |
| Build / train | 194 | |
| ESC pressed | 6 | |
| Enter build submenu | 73 | |
| Enter hero's abilities submenu | 11 | |
| Give item / drop item | 7 | |
| Right click | 604 | |
| Select / deselect | 452 | |
| Select group hotkey | 535 | |
| Use ability | 255 | |
2233 total
» units
| Peasant | 12 | |
| Footman | 4 | |
| Sorceress | 2 | |
| Gryphon Rider | 4 | |
| Dragonhawk Rider | 1 | |
| Goblin Shredder | 1 | |
| Goblin Zeppelin | 2 | |
26 total
» upgrades
| Masonry | 3 | |
| Sorceress Training | 2 | |
| Cloud | 1 | |
| Lumber Harvesting | 1 | |
| Swords | 3 | |
| Armor | 3 | |
| Storm Hammers | 1 | |
| Animal War Training | 1 | |
| Plating | 1 | |
| Gunpowder | 1 | |
| Magic Sentry | 1 | |
| Priest Training | 1 | |
| Long Rifles | 1 | |
20 total
» buildings
| Farm | 10 | |
| Altar of Kings | 1 | |
| Barracks | 1 | |
| Lumber Mill | 1 | |
| Arcane Vault | 2 | |
| Keep | 9 | |
| Town Hall | 4 | |
| Castle | 1 | |
| Scout Tower | 42 | |
| Guard Tower | 59 | |
| Arcane Sanctum | 1 | |
| Gryphon Aviary | 4 | |
| Blacksmith | 1 | |
| Arcane Tower | 9 | |
145 total
» build order
01:13 Farm
01:15 Altar of Kings
01:16 Barracks
01:19 Farm
01:24 Farm
02:23 Lumber Mill
02:30 Arcane Vault
03:15 Farm
03:17 Farm
03:54 Keep
03:54 Keep
03:54 Keep
04:29 Town Hall
06:25 Castle
06:28 Farm
07:03 Scout Tower
07:07 Scout Tower
07:08 Scout Tower
07:09 Scout Tower
07:10 Scout Tower
07:14 Scout Tower
08:41 Guard Tower
10:40 Scout Tower
10:41 Scout Tower
10:42 Scout Tower
10:44 Scout Tower
10:50 Arcane Sanctum
11:18 Guard Tower
11:18 Guard Tower
11:19 Guard Tower
11:19 Guard Tower
11:20 Guard Tower
11:20 Guard Tower
11:20 Guard Tower
11:21 Guard Tower
11:22 Guard Tower
11:22 Guard Tower
11:25 Guard Tower
11:25 Guard Tower
12:24 Gryphon Aviary
13:21 Gryphon Aviary
15:56 Gryphon Aviary
16:05 Gryphon Aviary
16:08 Farm
16:10 Farm
17:29 Blacksmith
20:00 Scout Tower
20:01 Scout Tower
21:11 Guard Tower
21:12 Guard Tower
21:12 Guard Tower
21:30 Scout Tower
21:34 Scout Tower
21:38 Scout Tower
22:03 Guard Tower
22:04 Guard Tower
22:04 Guard Tower
23:04 Guard Tower
23:18 Scout Tower
23:21 Farm
23:25 Farm
24:45 Guard Tower
24:45 Guard Tower
24:45 Guard Tower
27:47 Scout Tower
27:48 Scout Tower
27:50 Scout Tower
27:53 Scout Tower
27:57 Scout Tower
28:00 Scout Tower
28:01 Scout Tower
28:03 Scout Tower
28:26 Guard Tower
28:54 Guard Tower
28:54 Guard Tower
28:55 Guard Tower
30:11 Scout Tower
30:11 Scout Tower
30:12 Scout Tower
30:12 Scout Tower
30:13 Scout Tower
30:15 Keep
30:15 Keep
30:15 Keep
30:21 Town Hall
30:33 Town Hall
30:49 Guard Tower
32:38 Arcane Vault
32:59 Town Hall
33:04 Scout Tower
33:05 Scout Tower
33:05 Scout Tower
33:07 Scout Tower
33:09 Scout Tower
33:10 Scout Tower
33:13 Scout Tower
33:16 Scout Tower
33:18 Scout Tower
33:47 Guard Tower
33:47 Guard Tower
33:48 Guard Tower
34:26 Guard Tower
34:26 Guard Tower
34:26 Guard Tower
34:33 Guard Tower
34:33 Guard Tower
34:33 Guard Tower
34:38 Guard Tower
34:38 Guard Tower
34:38 Guard Tower
34:48 Guard Tower
35:30 Guard Tower
35:30 Guard Tower
35:40 Guard Tower
35:40 Guard Tower
35:40 Guard Tower
36:07 Scout Tower
36:09 Scout Tower
36:19 Scout Tower
36:35 Arcane Tower
36:36 Arcane Tower
36:36 Arcane Tower
36:37 Arcane Tower
36:37 Arcane Tower
36:38 Arcane Tower
36:55 Arcane Tower
38:57 Scout Tower
» items
| Scroll of Regeneration | 6 | |
| Mechanical Critter | 4 | |
| Ivory Tower | 10 | |
| Staff of Sanctuary | 1 | |
| Boots of Speed | 1 | |
| Circlet of Nobility | 1 | |
| Periapt of Vitality | 2 | |
| Staff of Teleportation | 2 | |
| Potion of Lesser Invulnerability | 1 | |
| Scroll of Town Portal | 1 | |
| Potion of Mana | 1 | |
| Tome of Retraining | 1 | |
| Potion of Invisibility | 1 | |
32 total
4SRTNOTTRYlNG (
yellow | 49 APM | 1240 actions | 25:11)
3 Demon Hunter
1 Evasion
2 Mana Burn
2 Keeper of the Grove
1 Entangling Roots
1 Thorns Aura
» actions
| Assign group hotkey | 7 | |
| Basic commands | 6 | |
| Build / train | 82 | |
| Enter build submenu | 34 | |
| Enter hero's abilities submenu | 5 | |
| Give item / drop item | 8 | |
| Right click | 541 | |
| Select / deselect | 474 | |
| Use ability | 83 | |
1240 total
» units
| Wisp | 29 | |
| Goblin Shredder | 1 | |
| Chimaera | 6 | |
| Hippogryph | 6 | |
| Crypt Fiend | 6 | |
48 total
» upgrades
| Ultravision | 1 | |
| Strength of the Wild | 3 | |
| Reinforced Hides | 3 | |
| Well Spring | 1 | |
| Nature's Blessing | 1 | |
| Corrosive Breath | 1 | |
| Web | 1 | |
| Creature Attack | 2 | |
| Creature Carapace | 1 | |
14 total
» buildings
| Moon Well | 8 | |
| Altar of Elders | 1 | |
| Hunter's Hall | 1 | |
| Tree of Ages | 1 | |
| Ancient of Wonders | 1 | |
| Tree of Eternity | 1 | |
| Ancient of Wind | 2 | |
| Tree of Life | 4 | |
| Chimaera Roost | 3 | |
| Ancient Protector | 11 | |
33 total
» build order
00:12 Moon Well
00:20 Altar of Elders
01:00 Moon Well
01:21 Moon Well
02:10 Hunter's Hall
02:38 Moon Well
02:48 Tree of Ages
03:37 Ancient of Wonders
05:34 Tree of Eternity
05:51 Ancient of Wind
07:37 Tree of Life
08:30 Chimaera Roost
08:32 Chimaera Roost
09:16 Moon Well
09:19 Moon Well
10:44 Moon Well
10:56 Ancient Protector
11:21 Ancient Protector
11:31 Ancient Protector
11:43 Ancient Protector
11:51 Ancient Protector
11:57 Ancient Protector
12:04 Ancient Protector
12:26 Tree of Life
12:53 Ancient of Wind
13:05 Ancient Protector
13:21 Ancient Protector
13:31 Ancient Protector
13:51 Moon Well
13:57 Chimaera Roost
14:51 Ancient Protector
18:28 Tree of Life
20:44 Tree of Life
» items
| Scroll of Town Portal | 3 | |
| Potion of Healing | 3 | |
| Boots of Speed | 1 | |
| Anti-magic Potion | 2 | |
| Orb of Corruption | 1 | |
10 total
Chat log
(00:04 / Allies) RobRoy: yo
(01:30 / All) BOBHITRIGHTUBTT: anyone else got bad lag tonight
(01:45 / All) TURTLEKING: yes its because im dling ur moms amateur porn
(01:46 / All) pinkworm: not i
(01:47 / All) goodvendetta: I haven;t noticed
(02:07 / All) pinkworm: they mostly come at night, mostly...
(03:14 / Allies) TURTLEKING: reds looks like a pro
(03:49 / Allies) BOBHITRIGHTUBTT: how'd u die
(04:04 / Allies) llllIIII: idk
(04:45 / Allies) BOBHITRIGHTUBTT: red cna i buy shredder
(04:50 / Allies) RobRoy: yeah
(06:44 / Allies) RobRoy: ami melee?
(09:35 / Allies) BOBHITRIGHTUBTT: protect expo k teal?
(10:14 / Allies) RobRoy: teal lil wood plz
(10:18 / Allies) BOBHITRIGHTUBTT: stay teal
(10:19 / Allies) BOBHITRIGHTUBTT: stay
(10:23 / Allies) RobRoy: ty
(10:51 / Allies) BOBHITRIGHTUBTT: move dryad splz
(10:52 / Allies) BOBHITRIGHTUBTT: stay by towers
(12:03 / Allies) RobRoy: oj waht are u building?
(12:09 / Allies) RobRoy: tank?
(12:13 / Allies) TURTLEKING: gyros babe
(12:14 / Allies) RobRoy: nvm its tank
(12:19 / Allies) RobRoy: oh okay
(12:47 / Allies) BOBHITRIGHTUBTT: gold plz red will pay back
(12:55 / Allies) RobRoy: no need to pay back
(13:17 / Allies) RobRoy: if anyone ahs spare wood though
(13:26 / Allies) RobRoy: ty
(13:49 / Allies) RobRoy: walking to u teal
(14:24 / All) BOBHITRIGHTUBTT: i havent seen ur untis or base all game wtf
(14:40 / Allies) RobRoy: air prob on a ne and hu
(15:07 / Allies) BOBHITRIGHTUBTT: wait guys
(15:08 / Allies) BOBHITRIGHTUBTT: stay by towers
(15:09 / Allies) BOBHITRIGHTUBTT: dont fight
(18:42 / All) TURTLEKING: HAHA RAPED
(18:48 / All) TURTLEKING: GTFO PUSSY
(18:53 / All) BOBHITRIGHTUBTT: rofl
(18:56 / All) RobRoy: lol
(19:00 / All) TURTLEKING: WANT SOME
(19:01 / All) TURTLEKING: GET SOME
(19:15 / All) TURTLEKING: GET RAPED PUSSY
(19:19 / All) goodvendetta: You all will go far in life
(19:21 / All) TURTLEKING: OWNED BITCH
(19:26 / All) RobRoy: thanks
(19:30 / All) TURTLEKING: TAKE YOUR LOSS LIKE A MAN
(19:32 / All) TURTLEKING: IN SILENCE
(19:55 / Allies) BOBHITRIGHTUBTT: wait
(19:56 / Allies) BOBHITRIGHTUBTT: hit green now
(20:45 / All) TURTLEKING: HAHA
(20:49 / All) TURTLEKING: GET FUCKED PUSSY
(20:58 / Allies) BOBHITRIGHTUBTT: hit green now
(21:00 / All) TURTLEKING: WOW
(21:04 / All) TURTLEKING: THAT ULT WORKS ON GYRO
(21:05 / All) TURTLEKING: LOL
(21:09 / Allies) RobRoy: lol
(22:35 / All) TURTLEKING: never knew rejuve worked on gyro
(22:41 / Allies) RobRoy: same lol
(22:53 / Allies) BOBHITRIGHTUBTT: kill my bats red
(23:22 / All) TURTLEKING: WANT SOME
(23:24 / All) TURTLEKING: GET SOME
(23:27 / All) TURTLEKING: THIS BOMBS FOR YOU
(23:44 / Allies) BOBHITRIGHTUBTT: leave it
(23:45 / All) TURTLEKING: WANT SOME GET SOME
(25:08 / All) 4SRTNOTTRYlNG: faggot blue go kill urself
(25:13 / All) BOBHITRIGHTUBTT: rofl
(27:54 / Allies) RobRoy: lol
(28:30 / All) BOBHITRIGHTUBTT: red tking
(28:38 / All) RobRoy: lmao im getting tked
(28:43 / All) slowmoschlomo: you're a tker red?
(28:44 / All) BOBHITRIGHTUBTT: orange red is tking
(28:52 / Allies) RobRoy: they killing me
(28:55 / All) RobRoy: they killing me
(28:55 / All) TURTLEKING: KILL THE TEAM KILLER
(30:57 / All) RobRoy: see
(31:05 / All) BOBHITRIGHTUBTT: red tk
(31:10 / All) RobRoy: what?
(31:13 / All) RobRoy: lmao
(31:47 / Allies) RobRoy: we letting blue win?
(32:00 / All) TURTLEKING: YEH TKS DONT DESERVE TO WIN
(32:00 / All) BOBHITRIGHTUBTT: dude red
(32:03 / All) BOBHITRIGHTUBTT: u tked us
(32:19 / All) BOBHITRIGHTUBTT: its not that hes gonna win but ur gonna lose
(35:51 / All) TURTLEKING: red hero coming near your main
(36:04 / All) RobRoy: gg blue u win
(36:08 / All) TURTLEKING: HOLD ONTO UR BUTTS
(36:11 / All) slowmoschlomo: gg I worked hard for this
(36:15 / All) BOBHITRIGHTUBTT: MUST GO FASTER MUST GO FASTER
(36:23 / All) TURTLEKING: BOMBS COMING
(36:27 / All) TURTLEKING: FROM KHAZ MODAN WITH LOVE
(36:31 / All) RobRoy: they killed me and teal
(36:40 / All) slowmoschlomo: I killed you both
(36:46 / All) TURTLEKING: blue won fair and square
(36:52 / All) TURTLEKING: TKS DONT DESERVE TO WIN
(37:29 / All) TURTLEKING: YOU CAN RUN BUT YOU MOST CERTAINLY CANT HIDE
(37:39 / All) TURTLEKING: WE SEE YOU CRIMINAL
(37:41 / All) TURTLEKING: RUN RUNNER
(37:41 / All) BOBHITRIGHTUBTT: jurassic park had some aewsome qutoes
(38:46 / All) BOBHITRIGHTUBTT: damn that loss of mana reallyhurt
(38:53 / All) RobRoy: it doesnt work on u
(43:20 / All) TURTLEKING: TEAL GAVE UP ON THIS GAME & LIFE
(43:47 / All) TURTLEKING: LONG LIVE THE TURTLE KING
(43:52 / All) TURTLEKING: LONG MAY HE REIGN
(43:59 / All) TURTLEKING: LONG MAY HE TERRORIZE THE BATTLE NETS